 Dungeon Crawl Stone Soup version 0.24.0-125-gc4c63601f3 (webtiles) character file.

Game seed: 17996778330984501547, levelgen mode: deterministic

445 shakethe the Slasher (level 6, -5/50 HPs)
             Began as a Demonspawn Fighter on Mar 17, 2020.
             Slain by an ogre
             ... wielding a +0 giant club
              (28 damage)
             ... on level 4 of the Dungeon.
             The game lasted 00:05:14 (2698 turns).

shakethe the Slasher (Demonspawn Fighter)           Turns: 2698, Time: 00:05:14

Health: -5/50      AC: 12    Str: 17    XL:     6   Next: 72%
Magic:  6/6        EV:  6    Int: 11    God:
Gold:   92         SH:  8    Dex: 12    Spells: 5/5 levels left

rFire    . . .     SeeInvis .   a - +0 long sword
rCold    + + .     Gourm    .   c - +0 shield
rNeg     . . .     Faith    .   m - +0 ice dragon scales
rPois    .         Spirit   .   (helmet restricted)
rElec    .         Reflect  .   (no cloak)
rCorr    .         Harm     .   (no gloves)
MR       .....                  (no boots)
Stlth    ..........             (no amulet)
HPRegen  0.16/turn              n - ring of protection from fire
MPRegen  0.10/turn              p - ring of flight

@: no status effects
A: horns 1, thin metallic scales 1
a: Evoke Flight


You were on level 4 of the Dungeon.
You were not hungry.

You visited 1 branch of the dungeon, and saw 4 of its levels.

You collected 92 gold pieces.

Inventory:

Hand Weapons
 a - a +0 long sword (weapon)
Missiles
 v - 5 silver boomerangs (quivered)
Armour
 b - a +0 scale mail
 c - a +0 shield (worn)
 m - +0 ice dragon scales (worn)
Jewellery
 n - a ring of protection from fire (left hand)
 p - a ring of flight (right hand)
 w - a +1 ring of protection {unknown}
Wands
 s - a wand of enslavement (12)
Scrolls
 e - 3 scrolls of identify {unknown}
 h - 5 scrolls of remove curse {unknown}
 i - a scroll of enchant weapon {unknown}
 k - 3 scrolls of magic mapping {unknown}
 l - 2 scrolls of enchant armour {unknown}
 o - a scroll of fear {unknown}
 t - a scroll of fog {unknown}
 u - a scroll of amnesia {unknown}
 x - a scroll of random uselessness {unknown}
Potions
 d - a potion of flight {unknown}
 g - a potion of degeneration {unknown}
 j - a potion of brilliance {unknown}
 q - a potion of lignification {unknown}
 r - a potion of might
Comestibles
 f - 5 rations


   Skills:
 + Level 4.9 Fighting
 * Level 5.5 Long Blades
 - Level 2.6 Armour
 - Level 2.6 Shields


You had 5 spell levels left.
You didn't know any spells.
Your spell library was empty.

Dungeon Overview and Level Annotations

Branches:
Dungeon (4/15)
 Temple: D:4-7

Altars:
Cheibriados
Dithmenos
Sif Muna
Uskayaw
Wu Jian
Zin
The Shining One


Innate Abilities, Weirdness & Mutations

You have a pair of small horns on your head.
You are partially covered in thin metallic scales. (AC +2)


Message History

You are too injured to fight recklessly!
You are too injured to fight recklessly!
You are too injured to fight recklessly!
You are too injured to fight recklessly!
You are too injured to fight recklessly!
You are too injured to fight recklessly!
You are too injured to fight recklessly!
You barely miss the ogre. The ogre barely misses you.
You riposte.
You slash the ogre!
The ogre is moderately wounded.
You hit the ogre but do no damage. Your headbutt misses the ogre.
The ogre is moderately wounded.
The ogre barely misses you.
You riposte.
You slash the ogre! Your headbutt misses the ogre.
The ogre is severely wounded.
You closely miss the ogre.
The ogre is severely wounded.
The ogre hits you with a +0 giant club!!
Ouch! That really hurt!
You die...

## ##............#
###..### ##..........#
##......##
#.........##
#.....<..###.##.....##
.............###...##
............## #.##
.............## ##
...........†..##
.......@.......#
......O.........#
.........%?.......#
..................#
...............)..#
..................#
..................#
....$.....>.....#.


You could see an ogre.

Vanquished Creatures
  Sigmund (D:2)
  An ogre (D:4)
  2 hounds (D:4)
  An iguana (D:4)
  Robin (D:3)
  3 adders
  3 dart slugs
  2 worms
  2 leopard geckos
  2 orcs
  A bat (D:2)
  2 giant cockroaches (D:1)
  19 goblins
  11 hobgoblins
  4 jackals (D:2)
  A quokka (D:3)
  5 frilled lizards
  6 kobolds
  A leopard gecko skeleton (D:4)
  10 rats
78 creatures vanquished.

Notes
Turn   | Place    | Note
-------+----------+-------------------------------------------
     0 | D:1      | shakethe the Demonspawn Fighter began the quest for the
                  | Orb.
     0 | D:1      | Reached XP level 1. HP: 18/18 MP: 1/1
    51 | D:1      | Reached skill level 2 in Long Blades
   185 | D:1      | Gained mutation: You are partially covered in thin metallic
                  | scales. (AC +2) [demonic ancestry]
   185 | D:1      | Reached XP level 2. HP: 23/24 MP: 2/2
   719 | D:2      | Reached XP level 3. HP: 29/29 MP: 3/3
   744 | D:2      | Found a shadowy altar of Dithmenos.
   796 | D:2      | Reached skill level 3 in Long Blades
   971 | D:2      | Noticed Sigmund
   972 | D:2      | Found a hide-covered altar of Uskayaw.
  1306 | D:2      | Killed Sigmund
  1306 | D:2      | Reached skill level 4 in Long Blades
  1306 | D:2      | Reached XP level 4. HP: 38/38 MP: 4/4
  1306 | D:2      | Gained mutation: You have a pair of small horns on your
                  | head. [demonic ancestry]
  1306 | D:2      | Reached XP level 5. HP: 43/43 MP: 5/5
  2150 | D:3      | Found a shimmering blue altar of Sif Muna.
  2151 | D:3      | Found a glowing silver altar of Zin.
  2295 | D:3      | Found a snail-covered altar of Cheibriados.
  2295 | D:3      | Found a glowing golden altar of the Shining One.
  2350 | D:3      | Noticed Robin
  2373 | D:3      | Killed Robin
  2566 | D:4      | Reached XP level 6. HP: 47/49 MP: 6/6
  2599 | D:4      | Reached skill level 5 in Long Blades
  2629 | D:4      | Found an ornate altar of the Wu Jian Council.
  2698 | D:4      | Slain by an ogre

Levels and vault maps discovered:
D:1:      saegor_arrival_miasma, layout_loops_ring, minmay_crystal_room
D:2:      layout_loops_cross, eat_drink_and_be_merry_uskayaw,
          grunt_dithmenos_smoke_and_mirrors, uniq_sigmund
D:3:      layout_loops_corners, gammafunk_temple_overflow_wave, minitemple,
          nrook_mini_backslash, corexii_shack, uniq_robin
D:4:      layout_cave_pods, nicolae_overflow_crystal_walls, first_ration,
          grunt_gozag_breadcrumbs

Skill      XL: |  1  2  3  4  5  6 |
---------------+-------------------+-----
Long Blades    | 2 4 5 |  5.5
Fighting       | 4 |  4.9
Armour         | |  2.6
Shields        | |  2.6

Action                   |  1- 3 |  4- 6 || total
-------------------------+-------+-------++-------
Melee: Long sword        |   118 |   111 ||   229
       Headbutt          |       |    26 ||    26
  Use: Potion            |     2 |       ||     2
  Eat: Chunk             |       |     6 ||     6
Armor: Scale mail        |    17 |       ||    17
       Ice dragon scales |    42 |    51 ||    93
Dodge: Dodged            |    27 |    32 ||    59
Block: Shield            |    48 |    39 ||    87
       Rpst.: Long sword |    12 |    13 ||    25
